 Dungeon Crawl Stone Soup version 0.27.1-34-g3ba077fa99 (webtiles) character file.

Game seed: 304147917461717699

144 riojii the Sneak (level 5, -3/29 HPs)
             Began as a Kobold Earth Elementalist on Jan 6, 2022.
             Was an Initiate of Wu Jian.
             Engulfed by a steam dragon's steam (12 damage)
             ... on level 4 of the Dungeon.
             The game lasted 00:08:07 (2776 turns).

riojii the Sneak (Kobold Earth Elementalist)        Turns: 2776, Time: 00:08:08

Health: -3/29      AC:  2    Str:  5    XL:     5   Next: 52%
Magic:  7/9        EV: 15    Int: 22    God:    Wu Jian [......]
Gold:   174        SH:  0    Dex: 17    Spells: 8/9 levels left

rFire    . . .     SeeInvis .   h - +1 short sword (elec)
rCold    + . .     Faith    .   (shield restricted)
rNeg     . . .     Spirit   .   b - +0 robe
rPois    .         Reflect  .   (no helmet)
rElec    .         Harm     .   (no cloak)
rCorr    .         Rampage  .   (no gloves)
Will     .....                  (no boots)
Stlth    ++++......             (no amulet)
HPRegen  0.09/turn              k - +6 ring of intelligence
MPRegen  0.11/turn              l - ring of protection from cold

@: no status effects
A: small, no large weapons, nightstalker 3
a: Renounce Religion


You were on level 4 of the Dungeon.
You worshipped Wu Jian.
Wu Jian was noncommittal.
You visited 1 branch of the dungeon, and saw 4 of its levels.

You collected 174 gold pieces.

Inventory:

Hand Weapons
 a - a +0 dagger
 h - a +1 short sword of electrocution (weapon)
Missiles
 c - 121 stones
Armour
 b - a +0 robe (worn)
Jewellery
 k - a +6 ring of intelligence (left hand)
 l - a ring of protection from cold (right hand)
Scrolls
 d - a scroll of identify {unknown}
 i - a scroll of magic mapping {unknown}
 n - a scroll of noise {unknown}
Potions
 e - a potion of flight {unknown}
 f - a potion of might {unknown}
 g - a potion of resistance {unknown}
 j - a potion of ambrosia {unknown}
 m - 2 potions of mutation {unknown}


   Skills:
 + Level 1.4 Fighting
 + Level 2.0 Short Blades
 + Level 3.3 Dodging
 * Level 4.7 Stealth
 + Level 2.9 Spellcasting
 - Level 1.0 Transmutations
 + Level 3.4 Earth Magic


You had 8 spell levels left.
You knew the following spells:

 Your Spells              Type           Power      Damage    Failure   Level
a - Sandblast             Erth           36%        2d10      3%          1

Your spell library contained the following spells:

 Spells                   Type           Power      Damage    Failure   Level
 Passwall                 Tmut/Erth      10%        N/A       8%          2
 Stone Arrow              Conj/Erth      20%        3d8       19%         3
 Petrify                  Tmut/Erth      13%        N/A       45%         4


Dungeon Overview and Level Annotations

Branches:
Dungeon (4/15)
 Temple: D:4-7

Altars:
Wu Jian


Innate Abilities, Weirdness & Mutations

You are small and have problems with some larger weapons.
You are completely attuned to the shadows.


Message History

Found a scroll labelled HESHAQ WIHER.
c - 123 stones (gained 24)
n - a scroll labelled HESHAQ WIHER A hobgoblin comes into view.
The helpless hobgoblin fails to defend itself.
You puncture the hobgoblin!
You kill the hobgoblin!
The Council accepts your kill.
There is an open door here.
Done exploring.
Done exploring.
Done exploring.
There is a stone staircase leading down here.
You climb downwards.
You hear the sound of rushing water.
There is an entrance to a sewer on this level.
Hurry and find it before the portal rusts away!
Found 15 gold pieces.
There is a stone staircase leading up here.
You now have 174 gold pieces (gained 15).
A steam dragon comes into view.
The steam dragon hisses angrily.
Casting: Sandblast (safe; 3% risk of failure)
Confirm with . or Enter, or press ? or * to list all spells.
Aiming: Sandblast (safe; 3% risk of failure)
Press: ? - help, Shift-Dir - straight line, f - steam dragon
Aim: a steam dragon (79% to hit)
The blast of sand hits the steam dragon!
The steam dragon is moderately wounded.
Casting: Sandblast (safe; 3% risk of failure)
Confirm with . or Enter, or press ? or * to list all spells.
Aiming: Sandblast (safe; 3% risk of failure)
Press: ? - help, Shift-Dir - straight line, f/p - steam dragon
Aim: a steam dragon (moderately wounded, 79% to hit)
The blast of sand hits the steam dragon.
The steam dragon is moderately wounded.
The steam dragon breathes steam at you. The ball of steam hits you!!
Ouch! That really hurt!
You are engulfed in a cloud of scalding steam.
You die...

#.# #.# #.#
#.# #.# #.#
#.#
##########.#
.D§§§@.....#
############


There were no monsters in sight!

Vanquished Creatures
  A centaur zombie (D:3)
  4 adders
  3 worms (D:2)
  6 orcs (D:3)
  5 ball pythons
  6 endoplasms
  2 giant cockroaches (D:3)
  5 hobgoblins
  2 quokkas
  3 bats
  3 frilled lizards
  7 goblins
  6 kobolds
  6 rats
59 creatures vanquished.

Notes
Turn   | Place    | Note
-------+----------+-------------------------------------------
     0 | D:1      | riojii the Kobold Earth Elementalist began the quest for
                  | the Orb.
     0 | D:1      | Reached XP level 1. HP: 10/10 MP: 3/3
   209 | D:1      | Reached XP level 2. HP: 12/15 MP: 3/5
   270 | D:1      | Reached skill level 3 in Stealth
   328 | D:1      | Found a faded altar of an unknown god.
   864 | D:2      | Reached XP level 3. HP: 20/20 MP: 6/6
  1099 | D:2      | Reached skill level 1 in Short Blades
  1196 | D:2      | Reached skill level 4 in Stealth
  1196 | D:2      | Reached XP level 4. HP: 21/24 MP: 5/7
  1660 | D:3      | Reached skill level 1 in Fighting
  1660 | D:3      | Reached XP level 5. HP: 20/29 MP: 2/9
  2434 | D:3      | Found an ornate altar of the Wu Jian Council.
  2439 | D:3      | Became a worshipper of the Wu Jian Council
  2773 | D:4      | Noticed a steam dragon
  2776 | D:4      | Engulfed by a steam dragon's steam

Illustrated notes

Levels and vault maps discovered:
D:1:      lightli_arrival_statue_moat, layout_rooms,
          ebering_ecumenical_altar_sacrificial
D:2:      layout_rooms
D:3:      layout_loops_corners, nzn_wu_jian_council_hall, st_stairs_8
D:4:      kennysheep_spiral_hall, layout_loops_ring, marbit_many_paths,
          kennysheep_little_box, minmay_temple_entry_mist,
          gup_sewer_entry_spiral, mrwooster_statue_mirror, uniq_natasha,
          uniq_edmund, uniq_crazy_yiuf_cottage, uniq_ijyb

Skill      XL: |  1  2  3  4  5 |
---------------+----------------+-----
Stealth        | 3 4 |  4.7
Short Blades   | 1 2 |  2.0
Dodging        | 3 |  3.3
Fighting       | 1 |  1.4
Spellcasting   | |  2.9
Transmutations | |  1.0
Earth Magic    | |  3.4

Action                   |  1- 3 |  4- 6 || total
-------------------------+-------+-------++-------
Melee: Dagger            |     6 |       ||     6
       Short sword       |    11 |    31 ||    42
 Cast: Sandblast         |    20 |    25 ||    45
Invok: Lunge             |       |     2 ||     2
 Stab: Sleeping          |    12 |    12 ||    24
Armor: Robe              |     2 |     5 ||     7
Dodge: Dodged            |     6 |    29 ||    35
